 Dungeon Crawl Stone Soup version 0.30-a0-177-g1cb5dbfd7a (webtiles) character file.

Game seed: 11685487364860638773

49 zazu2006 the Magician (level 3, -2/28 HPs)
             Began as a Naga Hedge Wizard on Oct 2, 2022.
             Slain by a gnoll
             ... wielding a +0 club
              (3 damage)
             ... on level 3 of the Dungeon.
             The game lasted 00:03:44 (1988 turns).

zazu2006 the Magician (Naga Hedge Wizard)           Turns: 1988, Time: 00:03:45

Health: -2/28      AC:  3    Str: 12    XL:     3   Next: 77%
Magic:  3/8        EV: 10    Int: 16    God:
Gold:   115        SH:  0    Dex: 10    Spells: 2/10 levels left

rFire   . . .      SeeInvis +    a - +0 dagger
rCold   . . .      Faith    .    (no shield)
rNeg    . . .      Spirit   .    b - +0 robe
rPois   +          Reflect  .    c - +0 hat
rElec   .          Harm     .    (no cloak)
rCorr   .          Rampage  .    m - +0 pair of gloves
Will    .....                    (no barding)
Stlth   ++........               l - amulet of magic regeneration
HPRegen 0.24/turn                (no ring)
MPRegen 0.51/turn                (no ring)

@: short of breath, very slightly contaminated, very slow
A: AC +1, large, see invisible, deformed body, poison resistance, slowness 2,
spit poison 1, naga tail 1
a: Spit Poison


You were on level 3 of the Dungeon.
You visited 1 branch of the dungeon, and saw 3 of its levels.

You collected 115 gold pieces.

Inventory:

Hand Weapons
 a - a +0 dagger (weapon)
Missiles
 e - 4 poisoned darts
Armour
 b - a +0 robe (worn)
 c - a +0 hat (worn)
 m - a +0 pair of gloves (worn)
Jewellery
 l - an amulet of magic regeneration (around neck)
Scrolls
 f - a scroll of blinking {unknown}
 g - a scroll of enchant armour {unknown}
 i - a scroll of immolation {unknown}
 j - a scroll of acquirement {unknown}
 k - a scroll of fear {unknown}
 o - a scroll of amnesia {unknown}
Potions
 d - 2 potions of magic
 h - a potion of curing {unknown}
 n - a potion of degeneration {unknown}


   Skills:
 + Level 0.2 Fighting
 + Level 1.9 Dodging
 + Level 3.2 Stealth
 + Level 4.0 Spellcasting
 + Level 1.1 Conjurations
 + Level 1.0 Summonings
 + Level 1.0 Translocations


You had 2 spell levels left.
You knew the following spells:

 Your Spells              Type           Power      Damage    Failure   Level
a - Magic Dart            Conj           24%        1d4       11%         1
b - Mephitic Cloud        Conj/Pois/Air  4%         N/A       41%         3
c - Ensorcelled Hibernat  Hex/Ice        6%         N/A       26%         2
d - Blink                 Tloc           12%        N/A       17%         2

Your spell library contained the following spells:

 Spells                   Type           Power      Damage    Failure   Level
 Slow                     Hex            12%        N/A       17%         1
 Call Imp                 Summ           6%         N/A       17%         2
 Cigotuvi's Dreadful Rot  Necr/Pois/Air  6%         N/A       26%         2
 Passwall                 Tmut/Erth      2%         N/A       26%         2
 Swiftness                Air            3%         N/A       45%         3


Dungeon Overview and Level Annotations

Branches:
Dungeon (3/15)

Altars:
Trog


Innate Abilities, Weirdness & Mutations

Your serpentine skin is tough. (AC +1)
You have supernaturally acute eyesight. (SInv)
Armour fits poorly on your strangely shaped body.
Your system is resistant to poisons. (rPois)
You cover ground very slowly.
You can spit poison.
You have a snake-like lower body.


Message History

Aim: a gnoll, wielding a +0 club (asleep, 100% to hit)
The magic dart hits the gnoll.
The gnoll is lightly wounded.
The gnoll shouts!
You hear a shout!
A gnoll comes into view.
It is wielding a +0 halberd of freezing.
Aiming: Spit Poison (2% risk of failure)
Press: ? - help, Shift-Dir - straight line, f/p - gnoll
Aim: a gnoll, wielding a +0 club (lightly wounded, 65% to hit)
The splash of poison hits the gnoll.
The gnoll is severely wounded.
Casting: Magic Dart (safe; 11% risk of failure)
Confirm with . or Enter, or press ? or * to list all spells.
The spell is extremely dangerous to miscast (41% risk of failure)!
Continue anyway?
Okay, then.
You hit the gnoll but do no damage.
The gnoll is severely wounded.
The gnoll closely misses you.
Casting: Mephitic Cloud (extremely dangerous; 41% risk of failure)
Confirm with . or Enter, or press ? or * to list all spells.
The spell is extremely dangerous to miscast (41% risk of failure)!
Continue anyway?
Aiming: Mephitic Cloud (extremely dangerous; 41% risk of failure)
Press: ? - help, Shift-Dir - straight line, f/p - gnoll
Aim: a gnoll, wielding a +0 club (severely wounded, chance to affect: 91%)
You miscast Mephitic Cloud.
You are very lightly contaminated with residual magic.
Nothing appears to happen.
The gnoll hits you with a +0 club.
The gnoll hits you from afar with a +0 halberd of freezing!
The gnoll freezes you.
Unknown command.
Casting: Mephitic Cloud (extremely dangerous; 41% risk of failure)
Confirm with . or Enter, or press ? or * to list all spells.
The spell is extremely dangerous to miscast (41% risk of failure)!
Continue anyway?
Aiming: Mephitic Cloud (extremely dangerous; 41% risk of failure)
Press: ? - help, Shift-Dir - straight line, f/p - gnoll
Aim: a gnoll, wielding a +0 club (severely wounded, chance to affect: 91%)
You miscast Mephitic Cloud.
You are caught in an explosion of electrical discharges!
* * * LOW HITPOINT WARNING * * *
The gnoll hits you with a +0 club.
You die...

... #.# ## #.##.##
#######.#...###
gg....g...=.... #.#
#.# #.######
.....##### #..gg@.#
.......†. ######.#
#..# #. ###....##
#..#####. #...##..#
#..##..†. #.♣'♣♣♣+♣
##..##.##. #.♣..[(.♣
##.........
#.♣.###.♣
#..........
#.♣.....♣
##...##.###
#.'.._..+....#.###.#
#


You could see 2 gnolls.

Vanquished Creatures
  An adder (D:3)
  A worm (D:3)
  2 endoplasms
  A giant cockroach (D:2)
  5 hobgoblins (D:1)
  3 jackals (D:1)
  2 quokkas
  6 ball pythons (D:1)
  4 bats
  3 frilled lizards
  2 goblins
  4 kobolds
  3 rats
37 creatures vanquished.

Notes
Turn   | Place    | Note
-------+----------+-------------------------------------------
     0 | D:1      | zazu2006 the Naga Hedge Wizard began the quest for the Orb.
     0 | D:1      | Reached XP level 1. HP: 15/15 MP: 4/4
   224 | D:1      | Reached XP level 2. HP: 22/22 MP: 1/6
   335 | D:1      | Found a faded altar of an unknown god.
   695 | D:1      | Reached XP level 3. HP: 28/28 MP: 4/8
  1822 | D:3      | Learned a level 3 spell: Mephitic Cloud
  1825 | D:3      | Learned a level 2 spell: Ensorcelled Hibernation
  1828 | D:3      | Learned a level 2 spell: Blink
  1837 | D:3      | Reached skill level 4 in Spellcasting
  1937 | D:3      | Found a bloodstained altar of Trog.
  1988 | D:3      | HP: 1/28 [something (8)]
  1988 | D:3      | Slain by a gnoll

Illustrated notes

Levels and vault maps discovered:
D:1:      beargit_arrival_diablo_church, layout_rooms,
          ebering_ecumenical_altar_mist
D:2:      layout_loops_cross, chequers_serial_rivers_micro_a,
          nicolae_concentric_dashed_squares_wild
D:3:      layout_loops_corners, mainiacjoe_overflow_small_starburst,
          mainiacjoe_overflow_six_doors_small

Skill      XL: |  1  2  3 |
---------------+----------+-----
Spellcasting   | 4 |  4.0
Fighting       | |  0.2
Dodging        | |  1.9
Stealth        | |  3.2
Conjurations   | |  1.1
Summonings     | |  1.0
Translocations | |  1.0

Action                   || total
-------------------------++-------
Melee: Dagger            ||    16
Throw: Dart              ||     2
 Cast: Magic Dart        ||    61
 Abil: Spit Poison       ||    17
 Stab: Sleeping          ||     1
Armor: Robe              ||     3
Dodge: Dodged            ||    18

Table legend: (Time is in decaauts)
 A = Elapsed time spent in this place.
 B = Non-inter-level travel time spent in this place.
 C = Inter-level travel time spent in this place.
 D = Time resting spent in this place.
 E = Time spent auto-exploring this place.
 F = Levels seen in this place.
 G = Mean time per level.
                   A        B        C        D        E       F      G
               +--------+--------+--------+--------+--------+-----+--------+
         Total |   2464 |   2380 |     84 |     36 |   2063 |   3 |  821.3 |
       Dungeon |   2464 |   2380 |     84 |     36 |   2063 |   3 |  821.3 |
               +--------+--------+--------+--------+--------+-----+--------+

Top non-repeatable levels by time:
     D:1: 1180 daAuts
     D:2: 1062 daAuts
     D:3: 221 daAuts
